 Dungeon Crawl Stone Soup version 0.31-a0-1227-g0136665373 (webtiles) character file.

Game seed: 8362588875366534512

25 grandjackal the Slasher (level 2, 0/25 HPs)
             Began as a Draconian Gladiator on Dec 14, 2023.
             Succumbed to an adder's poison
             ... on level 2 of the Dungeon.
             The game lasted 00:01:27 (1033 turns).

grandjackal the Slasher (Draconian Gladiator)       Turns: 1033, Time: 00:01:28

Health: 0/25       AC:  5    Str: 16    XL:     2   Next: 82%
Magic:  2/2        EV: 12    Int:  8    God:
Gold:   110        SH:  0    Dex: 10    Spells: 1/1 levels left

rFire   . . .        a - +0 long sword
rCold   . . .        (no shield)
rNeg    . . .        (body armour unavailable)
rPois   .            b - +0 hat
rElec   .            (no cloak)
rCorr   .            p - +0 pair of gloves
SInv    .            (no boots)
Will    .....        (no amulet)
Stlth   +            (no ring)
HPRegen 0.24/turn    (no ring)
MPRegen 0.08/turn

%: no passive effects
@: brilliant, lethally poisoned (0 -> -3), hasted, very quick
A: AC +4, unfitting armour, cold-blooded, clumsy 1, MP-powered wands
a: no special abilities


You were on level 2 of the Dungeon.
You visited 1 branch of the dungeon, and saw 2 of its levels.

You collected 110 gold pieces.

Inventory:

Hand Weapons
 a - a +0 long sword (weapon)
 g - a +2 whip of holy wrath
Missiles
 c - 3 throwing nets (quivered)
 d - 3 javelins
 j - 2 curare-tipped darts
Armour
 b - a +0 hat (worn)
 p - a +0 pair of gloves (worn)
Jewellery
 e - a ring of willpower
Scrolls
 f - 2 scrolls of butterflies {unknown}
 k - a scroll of poison {unknown}
 l - a scroll of immolation {unknown}
 m - a scroll of brand weapon {unknown}
 q - a scroll of teleportation {unknown}


   Skills:
 + Level 2.8 Fighting
 + Level 3.3 Long Blades
 - Level 2.0 Throwing
 + Level 3.0 Dodging


You had one spell level left.
You didn't know any spells.
Your spell library was empty.

Dungeon Overview and Level Annotations

Branches:
Dungeon (2/15)

Altars:
Dithmenos


Innate Abilities, Weirdness & Mutations

Your plain brown scales are hard. (AC +4)
You cannot fit into any form of body armour.
You are cold-blooded and may be slowed by cold attacks.
You are clumsy. (Dex -2)
You expend magic power (3 MP) to strengthen your wands.


Message History

The adder poisons you! The adder completely misses you.
You closely miss the adder.
The adder is heavily wounded.
You feel sick. The adder bites you but does no damage. The adder bites you.
* * * LOW HITPOINT WARNING * * *
It was a potion of brilliance.
You feel clever all of a sudden.
* * * LOW HITPOINT WARNING * * *
You feel sick. The adder misses you.
It was a potion of curing.
You feel better. The adder bites you.
You are poisoned.
The adder poisons you!
It was a potion of mutation.
You feel extremely strange.
You feel clumsy.
You feel your magical essence link to the dungeon's wands.
You feel sick. The adder closely misses you. The adder bites you.
* * * LOW HITPOINT WARNING * * *
You are lethally poisoned!
The adder poisons you!
It was a potion of haste.
You feel yourself speed up.
* * * LOW HITPOINT WARNING * * *
You feel sick. The adder completely misses you.
You barely miss the adder.
The adder is moderately wounded.
* * * LOW HITPOINT WARNING * * *
You feel sick. The adder barely misses you.
You closely miss the adder.
The adder is moderately wounded.
* * * LOW HITPOINT WARNING * * *
You feel sick. The adder barely misses you.
You hit the adder but do no damage.
The adder is moderately wounded.
* * * LOW HITPOINT WARNING * * *
You feel sick. The adder closely misses you.
You miss the adder.
The adder is moderately wounded.
The adder misses you.
You hit the adder.
The adder is almost dead.
You die...

# ..# ######8..#
###.†.....#
########rJ.......#
#......#S######8..#
######.####.#@#....# #
####..................#
.......##.####.#.#....#
.###.#.##.####.#.##.###
....##.##....<.#....<.###
#####
.##.##.##########.......#
#...# .##.##.# #.#.###.#
#...# .......#
###.#.###.# #...#
###.######### #.......#.#
#...#


You could see an adder, an endoplasm and a quokka.

Vanquished Creatures
  A dart slug (D:1)
  2 endoplasms (D:2)
  A giant cockroach (D:1)
  2 goblins (D:1)
  2 hobgoblins
  4 kobolds
  2 quokkas
  4 ball pythons
  2 frilled lizards (D:2)
20 creatures vanquished.

Notes
Turn   | Place    | Note
-------+----------+-------------------------------------------
     0 | D:1      | grandjackal the Draconian Gladiator began the quest for the
                  | Orb.
     0 | D:1      | Reached XP level 1. HP: 17/17 MP: 1/1
   177 | D:1      | You fall into a shaft and drop 1 floor!
   249 | D:2      | Found a shadowy altar of Dithmenos.
   299 | D:1      | Reached XP level 2. HP: 25/25 MP: 2/2
   582 | D:1      | Found a faded altar of an unknown god.
  1027 | D:2      | Gained mutation: You are clumsy. (Dex -2) [potion of
                  | mutation]
  1027 | D:2      | Gained mutation: You expend magic power (3 MP) to
                  | strengthen your wands. [potion of mutation]
  1031 | D:2      | HP: 1/25 [poisoned by an adder]
  1033 | D:2      | Succumbed to an adder's poison

Illustrated notes

Levels and vault maps discovered:
D:1:      ncdulo_wetmaze, layout_loops_cross, chequers_ecumenical_altar_simple,
          kennysheep_decorative_pillar, chequers_serial_rivers_room_a
D:2:      minmay_chambers_of_twos, layout_loops_cross, basic_altar, uniq_natasha

Skill      XL: |  1  2 |
---------------+-------+-----
Throwing       | 2 |  2.0
Dodging        | 3 |  3.0
Fighting       | |  2.8
Long Blades    | |  3.3

Action                     || total
---------------------------++-------
  Melee: Long sword        ||    60
         Tailslap          ||     7
    Use: Potion            ||     4
   Stab: Sleeping          ||     1
 Armour: Skin              ||    35
  Dodge: Dodged            ||    40

Table legend: (Time is in decaauts)
 A = Elapsed time spent in this place.
 B = Non-inter-level travel time spent in this place.
 C = Inter-level travel time spent in this place.
 D = Time resting spent in this place.
 E = Time spent auto-exploring this place.
 F = Levels seen in this place.
 G = Mean time per level.
                   A        B        C        D        E       F      G
               +--------+--------+--------+--------+--------+-----+--------+
         Total |   1056 |    980 |     76 |      7 |    686 |   2 |  528.0 |
       Dungeon |   1056 |    980 |     76 |      7 |    686 |   2 |  528.0 |
               +--------+--------+--------+--------+--------+-----+--------+

Top non-repeatable levels by time:
     D:1: 754 daAuts
     D:2: 302 daAuts
